 Dungeon Sprint DCSS version 0.23-a0-635-g88ca12a (webtiles) character file.

2 Lanoc the Shooter (level 1, -3/17 HPs)
             Began as a Centaur Hunter on Dec 27, 2018.
             Was an Initiate of Okawaru.
             Slain by a killer bee (6 damage)
             ... in the Dungeon (Sprint VI: "Thunderdome").
             The game lasted 00:01:57 (182 turns).

Lanoc the Shooter (Centaur Hunter)                   Turns: 182, Time: 00:01:58

Health: -3/17      AC:  4    Str: 14    XL:     1   Next: 8%
Magic:  1/1        EV:  9    Int: 10    God:    Okawaru [......]
Gold:   210        SH:  0    Dex:  9    Spells: 0/0 levels left

rFire    . . .     SeeInvis .   a - +1 shortbow
rCold    . . .     Gourm    .   (shield currently unavailable)
rNeg     . . .     Faith    .   c - +0 leather armour
rPois    .         Spirit   .   (no helmet)
rElec    .         Reflect  .   (no cloak)
rCorr    .         Harm     .   (no gloves)
MR       .....     NoTele   +   (no barding)
Stlth    +.........             (no amulet)
HPRegen  0.05/turn              (no ring)
MPRegen  0.07/turn              (no ring)

@: very quick
A: large, hooves 3, deformed body, speed 2, tough skin 3
a: Renounce Religion


You were in the Dungeon.
You worshipped Okawaru.
Okawaru was noncommittal.
You were not hungry.

You visited 1 branch You collected 210 gold pieces.

Inventory:

Hand Weapons
 a - a +1 shortbow (weapon)
 b - a +0 short sword
Missiles
 d - 6 arrows (quivered)
Armour
 c - a +0 leather armour (worn)
Wands
 m - a wand of acid (5)
 n - a wand of iceblast (5)
Scrolls
 k - 4 scrolls of blinking
 o - 3 scrolls of fog
Potions
 e - a potion of curing
 g - 4 potions of heal wounds
 h - 4 potions of haste
 i - 2 potions of magic
 j - a potion of berserk rage
 l - a potion of resistance
Comestibles
 f - a ration


   Skills:
 + Level 2.1 Fighting
 * Level 5.5 Bows
 + Level 1.5 Dodging
 - Level 0.4 Stealth
 + Level 0.4 Invocations


You couldn't memorise any spells.
You didn't know any spells.
Your spell library was empty.

Dungeon Overview and Level Annotations

Branches:
Dungeon (1/1)

Altars:
Cheibriados
Dithmenos
Fedhas
Gozag
Kikubaaqudgha
Makhleb
Okawaru
Qazlal
Ru
Sif Muna
Trog
Uskayaw
Vehumet
Wu Jian
Xom
Yredelemnul
Zin
The Shining One
Beogh
Jiyva
Lugonu

Shops:
D *[%??*?*:[((!!!!


Innate Abilities, Weirdness & Mutations

You have hooves in place of feet.
Armour fits poorly on your strangely shaped body.
You cover ground very quickly.
You have extremely tough skin. (AC +3)


Message History

Aim: a killer bee (heavily wounded)
You shoot an arrow. The arrow hits the killer bee.
The killer bee is severely wounded.
Firing (i - inventory)
d - 8 arrows (quivered)
Press: ? - help, Shift-Dir - straight line, f/p - killer bee
Aim: a killer bee (severely wounded)
You shoot an arrow. The arrow misses the killer bee.
The killer bee stings you but does no damage.
The killer bee barely misses you.
Firing (i - inventory)
d - 7 arrows (quivered)
Press: ? - help, Shift-Dir - straight line, f/p - killer bee
Aim: a killer bee (severely wounded)
You shoot an arrow. The arrow barely misses the killer bee.
The killer bee stings you.
* * * LOW HITPOINT WARNING * * *
The killer bee stings you.
* * * LOW HITPOINT WARNING * * *
The killer bee closely misses you. The killer bee stings you.
You die...

#_......._#
#_......._#
###.........#
#⌠..........§
######.8.........8
##∩___......###....
###∩........8.# #.8..
##.............###..§(
#⌠...@y.....###...###.
#⌠..........# #.<.# #(
#⌠........(.###...###.
##.............###....
###∩.......(8.# #.8..
##∩___......###....
######.8.((......8
#⌠...........
###(........#


You could see a killer bee.

Vanquished Creatures
  A ball python skeleton (D)
1 creature vanquished.

Notes
Turn   | Place    | Note
-------+----------+-------------------------------------------
     0 | D        | Lanoc the Centaur Hunter began the quest for the Orb.
     0 | D        | Reached XP level 1. HP: 17/17 MP: 1/1
     4 | D        | Found a glowing silver altar of Zin.
     4 | D        | Found an ornate altar of the Wu Jian Council.
     5 | D        | Found an ancient bone altar of Kikubaaqudgha.
     5 | D        | Found a sacrificial altar of Ru.
     6 | D        | Found a glowing golden altar of the Shining One.
     6 | D        | Found a snail-covered altar of Cheibriados.
     7 | D        | Found Gaan's Delicious Food.
     7 | D        | Found a viscous altar of Jiyva.
     7 | D        | Found a corrupted altar of Lugonu.
     7 | D        | Found Rogokk's Identification Station.
     8 | D        | Found Samom's Jewellery.
     8 | D        | Found Giogrum's Advanced Armour.
     8 | D        | Round 1.
    10 | D        | Found a burning altar of Makhleb.
    11 | D        | Found an opulent altar of Gozag.
    12 | D        | Found a blossoming altar of Fedhas.
    13 | D        | Found a deep blue altar of Sif Muna.
    13 | D        | Found an iron altar of Okawaru.
    13 | D        | Found a hide-covered altar of Uskayaw.
    13 | D        | Found Lusiunla's Premium Goods.
    13 | D        | Found Riomerch's Weapon Rack.
    14 | D        | Found Raggepli's Miscellaneous Merchandise.
    14 | D        | Found Juinloin's Basic Armour.
    21 | D        | Became a worshipper of Warmaster Okawaru
    25 | D        | Found a roughly hewn altar of Beogh.
    26 | D        | Found a basalt altar of Yredelemnul.
    27 | D        | Found Tuor's Do-It-Yourself Clinic.
    28 | D        | Found Qaroukad's Bottled Wisdom.
    28 | D        | Found Taac's Distillery.
    28 | D        | Found a shimmering altar of Xom.
    28 | D        | Found a shadowy altar of Dithmenos.
    28 | D        | Found a stormy altar of Qazlal.
    28 | D        | Found Xodop's Distillery.
    32 | D        | Found a radiant altar of Vehumet.
    33 | D        | Found a bloodstained altar of Trog.
    35 | D        | Found Wuserghyzyz's Staff Store.
    36 | D        | Found Wuorch's Magic Scroll Shop.
    36 | D        | Found Muetaic's Must-Have Magic.
    36 | D        | Found Peptutt's Magic Scroll Shop.
    42 | D        | Noticed a phantom
    51 | D        | Noticed a necrophage
    71 | D        | Noticed a wight
   150 | D        | Arena points: 2 (+2) [x1]
   169 | D        | Round 2.
   175 | D        | Noticed a killer bee
   182 | D        | Slain by a killer bee

Vault maps used:
D:        arena_sprint

Action                   || total
-------------------------++-------
 Fire: Shortbow          ||    31
Armor: Leather armour    ||     4
Dodge: Dodged            ||     6

Table legend:
 A = Non-vault XP
 B = Vault XP
 C = Vault XP percentage of total XP
 D = Non-vault monster count
 E = Vault monster count
 F = Vault count percentage of total count
                 A         B        C        D         E       F
            +---------+---------+-------+---------+---------+-------
      Total |       1 |       0 |   0.0 |       1 |       0 |   0.0
            +---------+---------+-------+---------+---------+-------
          D |       1 |       0 |   0.0 |       1 |       0 |   0.0
            +---------+---------+-------+---------+---------+-------
